3317 views
Uploaded 2020-03-15 02:51:06
Game version 1.32.2
17:30 long 4on4 ladder game on (8)MarketSquare
Saved by ChuckleMan
3317 views
Uploaded 2020-03-15 02:51:06
Game version 1.32.2
17:30 long 4on4 ladder game on (8)MarketSquare


165 units @ 18k
/ 2k
87 buildings @ 13k
/ 6.1k

| Potion of Healing | 2 | 300 |
| Potion of Mana | 1 | 200 |
| Scroll of Town Portal | 2 | 700 |
| total: | 5 | 1200g |
| Wisp | 23 | 1380 | / | 0 |
| Archer | 15 | 1950 | / | 150 |
| Huntress | 5 | 975 | / | 100 |
| Hippogryph | 11 | 1760 | / | 220 |
| total: | 54 | 6065g | / | 470w |
| Moon Well | 5 | 900 | / | 200 |
| Altar of Elders | 1 | 180 | / | 50 |
| Ancient of War | 2 | 300 | / | 120 |
| Hunter's Hall | 1 | 210 | / | 100 |
| Tree of Life | 1 | 340 | / | 185 |
| Ancient of Wonders | 1 | 90 | / | 30 |
| Ancient of Wind | 2 | 300 | / | 280 |
| Ancient of Lore | 1 | 155 | / | 145 |
| Tree of Ages | 1 | 320 | / | 180 |
| Tree of Eternity | 1 | 330 | / | 200 |
| total: | 14 | 2475g | / | 1110w |
| 0:02 | Wisp |
| 0:02 | Wisp |
| 0:02 | Wisp |
| 0:02 | Wisp |
| 0:02 | Wisp |
| 0:12 | Moon Well |
| 0:40 | Wisp |
| 1:06 | Wisp |
| 1:14 | Altar of Elders |
| 1:24 | Wisp |
| 1:28 | Ancient of War |
| 1:42 | Moon Well |
| 1:50 | Hunter's Hall |
| 1:55 | Wisp |
| 2:08 | Wisp |
| 2:26 | Ancient of War |
| 2:29 | Archer |
| 2:43 | Archer |
| 3:00 | Moon Well |
| 3:19 | Force of Nature |
| 3:28 | Huntress |
| 3:43 | Wisp |
| 4:15 | Wisp |
| 4:17 | Huntress |
| 4:39 | Huntress |
| 4:43 | Entangling Roots |
| 4:57 | Tree of Life |
| 5:23 | Tree of Ages |
| 5:26 | Ancient of Wonders |
| 5:45 | Huntress |
| 6:19 | Huntress |
| 6:25 | Moon Well |
| 6:35 | Archer |
| 6:50 | Force of Nature |
| 7:07 | Strength of the Moon |
| 7:08 | Sentinel |
| 7:32 | Moon Well |
| 8:21 | Wisp |
| 8:21 | Wisp |
| 8:23 | Tree of Eternity |
| 8:29 | Ancient of Wind |
| 8:31 | Improved Strength of the Moon |
| 8:43 | Moon Glaive |
| 8:47 | Wisp |
| 8:48 | Wisp |
| 8:48 | Wisp |
| 9:10 | Improved Bows |
| 9:11 | Wisp |
| 9:12 | Wisp |
| 9:36 | Archer |
| 9:42 | Archer |
| 9:42 | Archer |
| 9:43 | Wisp |
| 9:44 | Wisp |
| 10:16 | Archer |
| 10:18 | Archer |
| 10:18 | Archer |
| 10:19 | Hippogryph |
| 10:19 | Hippogryph |
| 10:31 | Ancient of Lore |
| 10:56 | Marksmanship |
| 11:00 | Archer |
| 11:02 | Hippogryph |
| 11:27 | Archer |
| 11:32 | Wisp |
| 11:32 | Wisp |
| 11:48 | Ancient of Wind |
| 11:50 | Scroll of Town Portal |
| 11:51 | Potion of Healing |
| 11:58 | Potion of Mana |
| 12:21 | Hippogryph |
| 12:23 | Strength of the Wild |
| 12:39 | Hippogryph |
| 12:49 | Nature's Blessing |
| 13:13 | Hippogryph |
| 13:25 | Hippogryph |
| 13:50 | Scroll of Town Portal |
| 14:03 | Hippogryph |
| 14:50 | Entangling Roots |
| 14:56 | Hippogryph |
| 15:07 | Hippogryph |
| 15:08 | Archer |
| 15:23 | Advanced Strength of the Moon |
| 16:08 | Archer |
| 16:09 | Archer |
| 16:16 | Potion of Healing |
| 16:35 | Archer |
| 16:36 | Hippogryph |
| 17:00 | Force of Nature |
| Select | 451 |
| Select group | 427 |
| Right click | 358 |
| Misc. action | 199 |
| Assign group | 96 |
| Build/train/purchase | 88 |
| Use ability | 40 |
| Chat | 9 |
| Minimap ping | 4 |
| Item give/drop | 1 |


| Orb of Venom | 1 | 325 |
| Staff of Preservation | 1 | 150 |
| Scroll of Town Portal | 3 | 1050 |
| Boots of Speed | 1 | 250 |
| total: | 6 | 1775g |
| Wisp | 31 | 1860 | / | 0 |
| Archer | 12 | 1560 | / | 120 |
| Mountain Giant | 3 | 1050 | / | 300 |
| Faerie Dragon | 4 | 620 | / | 100 |
| total: | 50 | 5090g | / | 520w |
| Moon Well | 9 | 1620 | / | 360 |
| Altar of Elders | 1 | 180 | / | 50 |
| Ancient of War | 1 | 150 | / | 60 |
| Tree of Life | 3 | 1020 | / | 555 |
| Hunter's Hall | 1 | 210 | / | 100 |
| Ancient of Wonders | 2 | 180 | / | 60 |
| Ancient of Lore | 2 | 310 | / | 290 |
| Ancient of Wind | 1 | 150 | / | 140 |
| Tree of Ages | 1 | 320 | / | 180 |
| Tree of Eternity | 1 | 330 | / | 200 |
| total: | 20 | 3820g | / | 1615w |
| 0:01 | Wisp |
| 0:01 | Wisp |
| 0:01 | Wisp |
| 0:15 | Moon Well |
| 0:16 | Wisp |
| 0:32 | Altar of Elders |
| 0:33 | Wisp |
| 0:44 | Ancient of War |
| 1:01 | Wisp |
| 1:12 | Moon Well |
| 1:15 | Wisp |
| 1:20 | Wisp |
| 1:37 | Wisp |
| 1:45 | Archer |
| 1:52 | Wisp |
| 2:00 | Moon Well |
| 2:04 | Archer |
| 2:10 | Wisp |
| 2:23 | Archer |
| 2:36 | Force of Nature |
| 2:42 | Archer |
| 2:58 | Archer |
| 3:10 | Archer |
| 3:37 | Tree of Life |
| 3:38 | Tree of Life |
| 3:45 | Wisp |
| 4:13 | Tree of Ages |
| 4:15 | Entangling Roots |
| 5:01 | Archer |
| 5:26 | Archer |
| 5:29 | Hunter's Hall |
| 5:30 | Archer |
| 5:47 | Wisp |
| 5:47 | Wisp |
| 5:47 | Wisp |
| 5:47 | Wisp |
| 5:47 | Wisp |
| 6:31 | Archer |
| 6:34 | Ancient of Lore |
| 6:41 | Wisp |
| 6:57 | Improved Bows |
| 6:58 | Force of Nature |
| 7:09 | Archer |
| 7:24 | Tree of Eternity |
| 7:27 | Moon Well |
| 7:30 | Ancient of Wonders |
| 7:35 | Strength of the Moon |
| 8:00 | Ancient of Lore |
| 8:01 | Ancient of Wonders |
| 8:09 | Black Arrow |
| 8:20 | Ancient of Wind |
| 8:25 | Moon Well |
| 8:46 | Wisp |
| 8:46 | Wisp |
| 8:47 | Wisp |
| 8:47 | Wisp |
| 9:02 | Ultravision |
| 9:17 | Scroll of Town Portal |
| 9:18 | Boots of Speed |
| 9:34 | Wisp |
| 9:45 | Wisp |
| 9:46 | Wisp |
| 10:16 | Improved Strength of the Moon |
| 10:46 | Mountain Giant |
| 10:46 | Mountain Giant |
| 11:01 | Wisp |
| 11:01 | Wisp |
| 11:02 | Moon Well |
| 11:10 | Scroll of Town Portal |
| 11:11 | Orb of Venom |
| 11:11 | Staff of Preservation |
| 11:14 | Silence |
| 11:18 | Moon Well |
| 11:45 | Moon Well |
| 11:57 | Scroll of Town Portal |
| 12:01 | Moon Well |
| 12:05 | Marksmanship |
| 12:08 | Mountain Giant |
| 12:10 | Faerie Dragon |
| 12:32 | Wisp |
| 12:32 | Wisp |
| 12:33 | Wisp |
| 12:33 | Wisp |
| 12:38 | Resistant Skin |
| 13:09 | Archer |
| 13:15 | Faerie Dragon |
| 13:16 | Faerie Dragon |
| 13:16 | Faerie Dragon |
| 13:47 | Hardened Skin |
| 14:02 | Reinforced Hides |
| 14:05 | Entangling Roots |
| 15:27 | Advanced Strength of the Moon |
| 15:28 | Improved Reinforced Hides |
| 16:04 | Tree of Life |
| 17:10 | Black Arrow |
| Select group | 1333 |
| Right click | 1101 |
| Select | 364 |
| Misc. action | 182 |
| Assign group | 113 |
| Build/train/purchase | 87 |
| Chat | 74 |
| Use ability | 40 |
| Esc | 4 |
| Item give/drop | 1 |
| Remove unit | 1 |

| Lesser Clarity Potion | 2 | 140 |
| Healing Salve | 2 | 200 |
| Staff of Teleportation | 1 | 150 |
| Boots of Speed | 1 | 250 |
| total: | 6 | 740g |
| Peon | 14 | 1050 | / | 0 |
| Troll Batrider | 9 | 1440 | / | 360 |
| total: | 23 | 2490g | / | 360w |
| Watch Tower | 18 | 1980 | / | 1440 |
| Altar of Storms | 1 | 180 | / | 50 |
| Orc Burrow | 4 | 640 | / | 160 |
| War Mill | 1 | 205 | / | 0 |
| Voodoo Lounge | 1 | 130 | / | 30 |
| Beastiary | 3 | 435 | / | 420 |
| Stronghold | 1 | 315 | / | 190 |
| Fortress | 1 | 325 | / | 190 |
| total: | 28 | 3570g | / | 2100w |
| 0:03 | Peon |
| 0:03 | Peon |
| 0:08 | Altar of Storms |
| 0:11 | Orc Burrow |
| 0:26 | Peon |
| 0:40 | War Mill |
| 0:49 | Peon |
| 1:04 | Voodoo Lounge |
| 1:14 | Peon |
| 1:20 | Peon |
| 1:25 | Peon |
| 1:48 | Orc Burrow |
| 1:50 | Peon |
| 1:50 | Peon |
| 1:50 | Peon |
| 2:10 | Wind Walk |
| 2:12 | Lesser Clarity Potion |
| 2:12 | Lesser Clarity Potion |
| 2:12 | Healing Salve |
| 2:13 | Healing Salve |
| 2:17 | Watch Tower |
| 2:25 | Peon |
| 2:25 | Peon |
| 2:34 | Peon |
| 2:44 | Watch Tower |
| 2:49 | Peon |
| 2:59 | Watch Tower |
| 3:24 | Stronghold |
| 3:36 | Critical Strike |
| 4:01 | Staff of Teleportation |
| 4:01 | Boots of Speed |
| 5:25 | Wind Walk |
| 5:25 | Wind Walk |
| 5:37 | Watch Tower |
| 5:40 | Watch Tower |
| 6:26 | Fortress |
| 6:29 | Beastiary |
| 6:30 | Beastiary |
| 6:31 | Beastiary |
| 7:14 | Orc Burrow |
| 7:17 | Orc Burrow |
| 7:19 | Watch Tower |
| 7:27 | Reinforced Defenses |
| 7:58 | Watch Tower |
| 8:01 | Watch Tower |
| 8:23 | Troll Batrider |
| 8:48 | Troll Batrider |
| 8:51 | Liquid Fire |
| 8:59 | Critical Strike |
| 9:03 | Troll Batrider |
| 9:40 | Troll Batrider |
| 10:04 | Troll Batrider |
| 10:12 | Spiked Barricades |
| 10:12 | Improved Spiked Barricades |
| 10:17 | Watch Tower |
| 10:26 | Steel Ranged Weapons |
| 11:05 | Troll Batrider |
| 11:51 | Wind Walk |
| 12:06 | Troll Batrider |
| 12:36 | Watch Tower |
| 12:37 | Watch Tower |
| 12:37 | Watch Tower |
| 12:37 | Watch Tower |
| 12:41 | Watch Tower |
| 13:24 | Bladestorm |
| 13:33 | Troll Batrider |
| 16:12 | Critical Strike |
| 16:52 | Troll Batrider |
| 16:55 | Watch Tower |
| 16:55 | Watch Tower |
| 16:56 | Watch Tower |
| 16:56 | Watch Tower |
| Right click | 847 |
| Select group | 280 |
| Chat | 219 |
| Build/train/purchase | 100 |
| Select | 73 |
| Use ability | 41 |
| Assign group | 40 |
| Misc. action | 23 |
| Item give/drop | 6 |
| Esc | 2 |
| Remove unit | 1 |



| Staff of Sanctuary | 1 | 250 |
| Scroll of Town Portal | 1 | 350 |
| total: | 2 | 600g |
| Peasant | 19 | 1425 | / | 0 |
| Footman | 7 | 945 | / | 0 |
| Mortar Team | 4 | 720 | / | 280 |
| Flying Machine | 5 | 500 | / | 150 |
| Knight | 3 | 735 | / | 180 |
| total: | 38 | 4325g | / | 610w |
| Altar of Kings | 1 | 180 | / | 50 |
| Barracks | 1 | 160 | / | 60 |
| Farm | 10 | 800 | / | 200 |
| Town Hall | 1 | 385 | / | 205 |
| Lumber Mill | 5 | 600 | / | 0 |
| Blacksmith | 1 | 140 | / | 60 |
| Arcane Vault | 1 | 130 | / | 30 |
| Workshop | 5 | 700 | / | 700 |
| Keep | 1 | 320 | / | 210 |
| Castle | 1 | 360 | / | 210 |
| total: | 25 | 3095g | / | 1305w |
| 0:02 | Peasant |
| 0:07 | Altar of Kings |
| 0:13 | Peasant |
| 0:21 | Barracks |
| 0:34 | Peasant |
| 0:34 | Peasant |
| 0:35 | Farm |
| 0:52 | Farm |
| 0:57 | Peasant |
| 1:06 | Peasant |
| 1:22 | Footman |
| 1:34 | Peasant |
| 1:43 | Footman |
| 1:49 | Peasant |
| 2:05 | Farm |
| 2:10 | Summon Water Elemental |
| 2:13 | Peasant |
| 2:28 | Peasant |
| 2:46 | Peasant |
| 2:51 | Peasant |
| 3:13 | Peasant |
| 3:22 | Brilliance Aura |
| 3:33 | Town Hall |
| 3:40 | Peasant |
| 3:42 | Footman |
| 3:47 | Farm |
| 4:31 | Keep |
| 4:56 | Footman |
| 5:06 | Lumber Mill |
| 5:09 | Blacksmith |
| 5:13 | Peasant |
| 5:13 | Peasant |
| 5:19 | Footman |
| 5:26 | Peasant |
| 5:39 | Lumber Mill |
| 5:43 | Summon Water Elemental |
| 5:57 | Lumber Mill |
| 6:00 | Lumber Mill |
| 6:03 | Lumber Mill |
| 6:09 | Footman |
| 6:32 | Footman |
| 6:39 | Iron Forged Swords |
| 6:39 | Iron Plating |
| 6:39 | Black Gunpowder |
| 6:58 | Castle |
| 7:20 | Workshop |
| 7:23 | Workshop |
| 7:26 | Workshop |
| 7:28 | Improved Lumber Harvesting |
| 7:56 | Storm Bolt |
| 8:01 | Workshop |
| 8:24 | Flak Cannons |
| 8:27 | Farm |
| 8:59 | Farm |
| 9:00 | Farm |
| 9:09 | Workshop |
| 9:33 | Fragmentation Shards |
| 9:33 | Flare |
| 9:35 | Advanced Lumber Harvesting |
| 9:45 | Refined Gunpowder |
| 10:19 | Mortar Team |
| 10:29 | Thunder Clap |
| 10:29 | Thunder Clap |
| 10:29 | Thunder Clap |
| 10:45 | Flying Machine |
| 10:45 | Flying Machine |
| 10:45 | Flying Machine |
| 10:53 | Mortar Team |
| 10:53 | Mortar Team |
| 10:58 | Holy Light |
| 11:02 | Arcane Vault |
| 11:10 | Peasant |
| 11:10 | Peasant |
| 11:18 | Brilliance Aura |
| 11:31 | Sundering Blades |
| 11:42 | Scroll of Town Portal |
| 11:42 | Staff of Sanctuary |
| 12:24 | Imbued Gunpowder |
| 12:29 | Mortar Team |
| 12:30 | Knight |
| 12:30 | Knight |
| 12:33 | Farm |
| 12:33 | Farm |
| 13:42 | Knight |
| 13:44 | Farm |
| 13:47 | Improved Masonry |
| 13:57 | Steel Plating |
| 14:09 | Flying Machine |
| 15:04 | Flying Machine |
| 15:19 | Steel Forged Swords |
| 15:41 | Mithril Plating |
| 15:49 | Storm Bolt |
| 15:50 | Storm Bolt |
| 16:01 | Divine Shield |
| 16:10 | Summon Water Elemental |
| 16:53 | Thunder Clap |
| Right click | 798 |
| Select group | 727 |
| Assign group | 437 |
| Select | 249 |
| Chat | 178 |
| Build/train/purchase | 106 |
| Use ability | 24 |
| Misc. action | 21 |
| Esc | 10 |
| Minimap ping | 10 |
152 units @ 16k
/ 1.2k
104 buildings @ 12k
/ 5.2k

| Peasant | 24 | 1800 | / | 0 |
| Footman | 10 | 1350 | / | 0 |
| total: | 34 | 3150g | / | 0w |
| Scout Tower | 15 | 450 | / | 300 |
| Guard Tower | 7 | 490 | / | 350 |
| Altar of Kings | 1 | 180 | / | 50 |
| Farm | 13 | 1040 | / | 260 |
| Barracks | 2 | 320 | / | 120 |
| Lumber Mill | 2 | 240 | / | 0 |
| Blacksmith | 2 | 280 | / | 120 |
| Arcane Vault | 1 | 130 | / | 30 |
| Town Hall | 3 | 1155 | / | 615 |
| Keep | 2 | 640 | / | 420 |
| total: | 39 | 3795g | / | 1495w |
| 0:03 | Peasant |
| 0:03 | Peasant |
| 0:08 | Altar of Kings |
| 0:20 | Farm |
| 0:23 | Barracks |
| 0:30 | Peasant |
| 0:44 | Peasant |
| 0:53 | Farm |
| 1:08 | Peasant |
| 1:24 | Lumber Mill |
| 1:29 | Footman |
| 1:42 | Scout Tower |
| 1:47 | Peasant |
| 1:51 | Footman |
| 2:04 | Peasant |
| 2:11 | Farm |
| 2:15 | Summon Water Elemental |
| 2:20 | Footman |
| 2:36 | Guard Tower |
| 2:38 | Peasant |
| 2:59 | Farm |
| 3:07 | Defend |
| 3:08 | Peasant |
| 3:16 | Scout Tower |
| 3:33 | Peasant |
| 3:43 | Blacksmith |
| 3:45 | Blacksmith |
| 3:51 | Brilliance Aura |
| 3:59 | Footman |
| 4:02 | Guard Tower |
| 4:05 | Barracks |
| 4:06 | Peasant |
| 4:24 | Footman |
| 4:55 | Arcane Vault |
| 5:20 | Farm |
| 5:45 | Footman |
| 6:01 | Town Hall |
| 6:25 | Scout Tower |
| 6:29 | Scout Tower |
| 6:30 | Scout Tower |
| 6:50 | Scout Tower |
| 6:52 | Peasant |
| 6:52 | Peasant |
| 6:56 | Footman |
| 7:04 | Farm |
| 7:10 | Blizzard |
| 7:15 | Guard Tower |
| 7:28 | Peasant |
| 7:29 | Peasant |
| 8:19 | Farm |
| 8:20 | Keep |
| 8:42 | Scout Tower |
| 8:44 | Scout Tower |
| 8:47 | Scout Tower |
| 8:57 | Farm |
| 8:58 | Guard Tower |
| 9:06 | Scout Tower |
| 9:07 | Scout Tower |
| 9:08 | Scout Tower |
| 9:22 | Town Hall |
| 9:25 | Scout Tower |
| 9:27 | Guard Tower |
| 9:35 | Footman |
| 10:37 | Footman |
| 11:04 | Guard Tower |
| 11:08 | Farm |
| 11:10 | Scout Tower |
| 11:29 | Long Rifles |
| 11:35 | Peasant |
| 11:35 | Peasant |
| 11:36 | Peasant |
| 11:36 | Peasant |
| 11:36 | Peasant |
| 11:36 | Peasant |
| 11:36 | Peasant |
| 11:47 | Guard Tower |
| 11:51 | Farm |
| 12:00 | Improved Masonry |
| 12:05 | Improved Lumber Harvesting |
| 12:27 | Footman |
| 13:25 | Keep |
| 13:50 | Town Hall |
| 13:56 | Lumber Mill |
| 14:47 | Peasant |
| 14:47 | Peasant |
| 15:34 | Farm |
| 15:35 | Farm |
| 15:36 | Farm |
| 16:15 | Scout Tower |
| Right click | 450 |
| Select | 275 |
| Misc. action | 120 |
| Select group | 81 |
| Build/train/purchase | 76 |
| Assign group | 18 |
| Esc | 9 |
| Use ability | 8 |
| Chat | 3 |


| Scroll of Town Portal | 1 | 350 |
| total: | 1 | 350g |
| Wisp | 29 | 1740 | / | 0 |
| Archer | 4 | 520 | / | 40 |
| Huntress | 6 | 1170 | / | 120 |
| Dryad | 6 | 870 | / | 360 |
| total: | 45 | 4300g | / | 520w |
| Ancient Protector | 4 | 540 | / | 320 |
| Altar of Elders | 1 | 180 | / | 50 |
| Ancient of War | 2 | 300 | / | 120 |
| Moon Well | 5 | 900 | / | 200 |
| Hunter's Hall | 1 | 210 | / | 100 |
| Tree of Life | 2 | 680 | / | 370 |
| Ancient of Wonders | 1 | 90 | / | 30 |
| Ancient of Lore | 4 | 620 | / | 580 |
| Tree of Ages | 1 | 320 | / | 180 |
| total: | 20 | 3520g | / | 1770w |
| 0:05 | Altar of Elders |
| 0:09 | Ancient of War |
| 0:13 | Moon Well |
| 0:18 | Wisp |
| 1:12 | Wisp |
| 1:12 | Wisp |
| 1:16 | Archer |
| 1:28 | Wisp |
| 1:41 | Archer |
| 1:54 | Archer |
| 1:57 | Wisp |
| 2:05 | Moon Well |
| 2:07 | Wisp |
| 2:15 | Force of Nature |
| 2:34 | Wisp |
| 3:02 | Hunter's Hall |
| 3:04 | Wisp |
| 3:08 | Archer |
| 3:12 | Moon Well |
| 3:18 | Moon Well |
| 3:58 | Ancient of War |
| 3:58 | Wisp |
| 4:38 | Tree of Life |
| 4:43 | Wisp |
| 4:43 | Wisp |
| 4:43 | Wisp |
| 4:53 | Huntress |
| 4:59 | Entangling Roots |
| 5:19 | Huntress |
| 5:44 | Huntress |
| 6:20 | Huntress |
| 6:26 | Moon Well |
| 6:40 | Ancient of Wonders |
| 6:52 | Tree of Ages |
| 7:18 | Huntress |
| 8:21 | Huntress |
| 8:25 | Wisp |
| 8:25 | Wisp |
| 8:25 | Wisp |
| 8:58 | Strength of the Wild |
| 9:16 | Ancient of Lore |
| 9:18 | Ancient of Lore |
| 9:22 | Ancient of Lore |
| 9:24 | Wisp |
| 9:24 | Wisp |
| 9:24 | Wisp |
| 9:24 | Wisp |
| 9:42 | Ancient of Lore |
| 10:01 | Wisp |
| 10:04 | Tree of Life |
| 10:31 | Entangling Roots |
| 10:46 | Dryad |
| 11:07 | Dryad |
| 11:13 | Wisp |
| 11:13 | Wisp |
| 11:13 | Wisp |
| 11:28 | Abolish Magic |
| 12:05 | Dryad |
| 12:34 | Wisp |
| 12:34 | Wisp |
| 13:06 | Searing Arrows |
| 13:08 | Scroll of Town Portal |
| 13:37 | Dryad |
| 13:42 | Improved Strength of the Wild |
| 15:27 | Ancient Protector |
| 15:29 | Ancient Protector |
| 15:32 | Ancient Protector |
| 15:33 | Ancient Protector |
| 15:35 | Wisp |
| 15:35 | Wisp |
| 15:35 | Wisp |
| 15:35 | Wisp |
| 16:03 | Dryad |
| 16:03 | Dryad |
| 17:08 | Trueshot Aura |
| Right click | 613 |
| Select | 271 |
| Misc. action | 104 |
| Select group | 96 |
| Build/train/purchase | 59 |
| Chat | 37 |
| Use ability | 18 |
| Assign group | 11 |
| Resource trade | 8 |
| Minimap ping | 7 |
| Esc | 1 |


| Scroll of Town Portal | 2 | 700 |
| total: | 2 | 700g |
| Wisp | 13 | 780 | / | 0 |
| Archer | 16 | 2080 | / | 160 |
| Hippogryph | 10 | 1600 | / | 200 |
| total: | 39 | 4460g | / | 360w |
| Altar of Elders | 1 | 180 | / | 50 |
| Moon Well | 5 | 900 | / | 200 |
| Ancient of War | 2 | 300 | / | 120 |
| Ancient of Wonders | 1 | 90 | / | 30 |
| Hunter's Hall | 1 | 210 | / | 100 |
| Ancient of Wind | 3 | 450 | / | 420 |
| Tree of Ages | 1 | 320 | / | 180 |
| total: | 13 | 2130g | / | 920w |
| 0:04 | Wisp |
| 0:04 | Wisp |
| 0:10 | Wisp |
| 0:14 | Altar of Elders |
| 0:17 | Moon Well |
| 0:23 | Wisp |
| 0:49 | Ancient of War |
| 1:04 | Wisp |
| 1:04 | Wisp |
| 1:05 | Wisp |
| 1:05 | Wisp |
| 1:06 | Wisp |
| 1:42 | Moon Well |
| 1:54 | Archer |
| 2:03 | Ancient of War |
| 2:06 | Archer |
| 2:19 | Entangling Roots |
| 2:38 | Wisp |
| 2:45 | Ancient of Wonders |
| 3:06 | Tree of Ages |
| 3:09 | Archer |
| 3:16 | Archer |
| 3:53 | Archer |
| 4:05 | Hunter's Hall |
| 4:36 | Thorns Aura |
| 4:39 | Archer |
| 4:46 | Moon Well |
| 4:48 | Moon Well |
| 5:39 | Wisp |
| 5:39 | Wisp |
| 5:46 | Ancient of Wind |
| 5:49 | Ancient of Wind |
| 6:00 | Wisp |
| 6:26 | Scroll of Town Portal |
| 6:35 | Ancient of Wind |
| 6:49 | Hippogryph |
| 6:57 | Hippogryph |
| 7:07 | Hippogryph |
| 7:28 | Hippogryph |
| 8:20 | Strength of the Moon |
| 8:22 | Hippogryph |
| 8:43 | Scroll of Town Portal |
| 8:58 | Archer |
| 9:27 | Moon Well |
| 9:45 | Entangling Roots |
| 10:08 | Frost Arrows |
| 11:07 | Archer |
| 11:10 | Archer |
| 11:11 | Hippogryph |
| 11:33 | Hippogryph |
| 11:43 | Archer |
| 11:58 | Archer |
| 12:33 | Archer |
| 13:25 | Archer |
| 13:29 | Hippogryph |
| 13:56 | Archer |
| 15:01 | Improved Strength of the Moon |
| 15:02 | Archer |
| 15:03 | Hippogryph |
| 15:43 | Hippogryph |
| 16:20 | Archer |
| 16:30 | Mana Shield |
| 17:16 | Thorns Aura |
| Right click | 618 |
| Select | 330 |
| Build/train/purchase | 63 |
| Misc. action | 36 |
| Select group | 32 |
| Assign group | 18 |
| Use ability | 16 |
| Item give/drop | 1 |
| Remove unit | 1 |


| Peasant | 19 | 1425 | / | 0 |
| Footman | 1 | 135 | / | 0 |
| Rifleman | 8 | 1640 | / | 240 |
| Sorceress | 6 | 930 | / | 120 |
| total: | 34 | 4130g | / | 360w |
| Scout Tower | 14 | 420 | / | 280 |
| Arcane Tower | 3 | 210 | / | 150 |
| Guard Tower | 15 | 1050 | / | 750 |
| Barracks | 1 | 160 | / | 60 |
| Altar of Kings | 1 | 180 | / | 50 |
| Farm | 11 | 880 | / | 220 |
| Blacksmith | 1 | 140 | / | 60 |
| Lumber Mill | 1 | 120 | / | 0 |
| Arcane Vault | 1 | 130 | / | 30 |
| Town Hall | 1 | 385 | / | 205 |
| Arcane Sanctum | 1 | 150 | / | 140 |
| Keep | 3 | 960 | / | 630 |
| total: | 32 | 2565g | / | 1045w |
| 0:03 | Peasant |
| 0:04 | Peasant |
| 0:18 | Barracks |
| 0:22 | Altar of Kings |
| 0:23 | Farm |
| 0:35 | Peasant |
| 0:55 | Peasant |
| 0:55 | Peasant |
| 1:01 | Farm |
| 1:28 | Peasant |
| 1:34 | Footman |
| 1:43 | Farm |
| 1:47 | Peasant |
| 2:09 | Blacksmith |
| 2:13 | Peasant |
| 2:26 | Blizzard |
| 2:28 | Peasant |
| 2:35 | Scout Tower |
| 2:55 | Scout Tower |
| 2:57 | Peasant |
| 2:57 | Peasant |
| 3:01 | Rifleman |
| 3:01 | Rifleman |
| 3:08 | Arcane Tower |
| 3:27 | Lumber Mill |
| 3:40 | Farm |
| 4:01 | Keep |
| 4:18 | Farm |
| 4:29 | Rifleman |
| 4:37 | Guard Tower |
| 4:44 | Black Gunpowder |
| 4:44 | Refined Gunpowder |
| 4:44 | Imbued Gunpowder |
| 4:58 | Arcane Vault |
| 5:23 | Rifleman |
| 5:44 | Brilliance Aura |
| 6:29 | Improved Lumber Harvesting |
| 6:38 | Farm |
| 6:53 | Peasant |
| 6:53 | Peasant |
| 7:30 | Siphon Mana |
| 7:43 | Peasant |
| 7:43 | Peasant |
| 7:43 | Peasant |
| 8:25 | Farm |
| 8:41 | Arcane Sanctum |
| 8:50 | Farm |
| 8:52 | Peasant |
| 9:03 | Long Rifles |
| 9:15 | Magic Sentry |
| 9:31 | Scout Tower |
| 9:33 | Scout Tower |
| 9:37 | Scout Tower |
| 9:42 | Rifleman |
| 9:51 | Sorceress |
| 10:08 | Guard Tower |
| 10:18 | Farm |
| 10:24 | Sorceress |
| 10:52 | Rifleman |
| 11:08 | Sorceress |
| 11:19 | Rifleman |
| 11:36 | Farm |
| 11:48 | Sorceress |
| 12:07 | Sorceress Adept Training |
| 12:08 | Sorceress Master Training |
| 12:45 | Scout Tower |
| 12:46 | Scout Tower |
| 12:48 | Scout Tower |
| 12:50 | Improved Masonry |
| 12:59 | Rifleman |
| 13:17 | Sorceress |
| 13:19 | Guard Tower |
| 13:21 | Farm |
| 13:25 | Guard Tower |
| 13:26 | Guard Tower |
| 14:10 | Peasant |
| 14:10 | Peasant |
| 14:48 | Sorceress |
| 15:00 | Scout Tower |
| 15:01 | Scout Tower |
| 15:01 | Scout Tower |
| 15:04 | Town Hall |
| 15:08 | Scout Tower |
| 15:09 | Scout Tower |
| 15:43 | Flame Strike |
| 15:50 | Guard Tower |
| 15:50 | Guard Tower |
| 16:07 | Guard Tower |
| 16:21 | Guard Tower |
| 16:37 | Scout Tower |
| 16:45 | Blizzard |
| Select group | 575 |
| Right click | 458 |
| Select | 359 |
| Misc. action | 148 |
| Build/train/purchase | 90 |
| Assign group | 49 |
| Use ability | 22 |
| Minimap ping | 5 |
| Esc | 2 |
⇛